 Dungeon Crawl Stone Soup version 0.22.0-49-gab54619674 (webtiles) character file.

154 Riddle the Magician (level 5, -2/37 HPs)
             Began as a Gnoll Wizard on Sept 7, 2018.
             Killed by divine providence
             ... invoked by an orc priest
              (11 damage)
             ... on level 3 of the Dungeon.
             The game lasted 00:04:41 (2537 turns).

Riddle the Magician (Gnoll Wizard)                  Turns: 2537, Time: 00:04:42

Health: -2/37      AC:  2    Str:  9    XL:     5   Next: 36%
Magic:  1/14       EV: 14    Int: 21    God:
Gold:   112        SH:  0    Dex: 14    Spells: 11/18 levels left

rFire    . . .     SeeInvis .     - Unarmed
rCold    . . .     Gourm    .   (no shield)
rNeg     . . .     Faith    .   a - +0 robe
rPois    .         Spirit   .   b - +0 hat
rElec    .         Reflect  .   (no cloak)
rCorr    .         Harm     .   (no gloves)
MR       .....                  (no boots)
Stlth    +++.......             (no amulet)
HPRegen  0.12/turn              (no ring)
MPRegen  0.14/turn              (no ring)

@: no status effects
A: distributed training, fangs 1, strong nose
a: no special abilities


You were on level 3 of the Dungeon.
You were not hungry.

You visited 1 branch of the dungeon, and saw 3 of its levels.

You collected 112 gold pieces.

Inventory:

Hand Weapons
 n - a +2 dagger of venom
Armour
 a - a +0 robe (worn)
 b - a +0 hat (worn)
Scrolls
 c - 2 scrolls of teleportation {unknown}
 f - 2 scrolls of magic mapping {unknown}
 g - a scroll of remove curse {unknown}
 h - 2 scrolls of fog {unknown}
 i - 4 scrolls of identify {unknown}
 p - a scroll of immolation {unknown}
Potions
 e - a potion of curing {unknown}
 j - 2 potions of might {unknown}
 k - a potion of heal wounds {unknown}
 l - 2 potions of flight {unknown}
 m - a potion of haste {unknown}
 o - a potion of lignification {unknown}
 q - a potion of brilliance {unknown}
 r - a potion of magic {unknown}
Comestibles
 d - 5 rations
 s - 4 chunks of flesh


   Skills:
 + Level 1.4 Fighting
 + Level 1.4 Short Blades
 + Level 1.4 Long Blades
 + Level 1.4 Axes
 + Level 1.4 Maces & Flails
 + Level 1.4 Polearms
 + Level 1.4 Staves
 + Level 1.4 Slings
 + Level 1.4 Bows
 + Level 1.4 Crossbows
 + Level 1.4 Throwing
 + Level 1.4 Armour
 + Level 4.7 Dodging
 + Level 4.4 Stealth
 + Level 1.4 Shields
 + Level 1.4 Unarmed Combat
 + Level 7.3 Spellcasting
 + Level 2.3 Conjurations
 + Level 1.1 Hexes
 + Level 1.1 Charms
 + Level 2.3 Summonings
 + Level 1.1 Necromancy
 + Level 2.3 Translocations
 + Level 1.1 Transmutations
 + Level 1.1 Fire Magic
 + Level 1.1 Ice Magic
 + Level 1.1 Air Magic
 + Level 1.1 Earth Magic
 + Level 1.1 Poison Magic
 + Level 1.6 Invocations
 + Level 1.4 Evocations


You had 11 spell levels left.
You knew the following spells:

 Your Spells              Type           Power        Failure   Level  Hunger
a - Magic Dart            Conj           ###.         3%          1    None
b - Blink                 Tloc           N/A          4%          2    None
c - Call Imp              Summ           ###.....     4%          2    None
d - Slow                  Hex            ##......     9%          2    None

Your spell library contained the following spells:

 Spells                   Type           Power        Failure   Level  Hunger
 Conjure Flame            Conj/Fire      ###.....     12%         3    None
 Mephitic Cloud           Conj/Pois/Air  ##......     14%         3    None


Dungeon Overview and Level Annotations

Branches:
Dungeon (3/15)

Altars:

Annotations:
D:3 Ijyb


Innate Abilities, Weirdness & Mutations

Your experience applies equally to all skills.
You have very sharp teeth.
Your uncanny sense of smell can sniff out nearby items.


Message History

Press: ? - help, Shift-Dir - straight line, f/p - adder
Aim: an adder (translocational energy, heavily wounded)
The magic dart hits the orc wizard.
The orc wizard is lightly wounded.
The orc hits you with a club. The orc wizard hits you with a dagger.
* * * LOW HITPOINT WARNING * * *
Casting: Magic Dart (safe; 3% risk of failure)
Confirm with . or Enter, or press ? or * to list all spells.
You blink.
The leopard gecko hisses angrily.
An orc priest comes into view. It is wielding a club.
The orc hits you with a whip.
* * * LOW HITPOINT WARNING * * *
A kobold comes into view. It is wielding a dagger.
The orc misses you.
Your +2 dagger of venom stops dripping with poison.
You are now empty-handed.
The orc priest calls down the wrath of Beogh upon you.
Beogh smites you!
You die...

#.#...#g#
#..#.##.#
####.##. #K#
...K.. #g#
..#l# #S# ∆
#.#o# #.#
#.#.#####S#
##.#.ogo.oo#
#..@########
#.###.# #.#
#.# ... ###


You could see an orc priest, an orc wizard, an adder, 3 orcs, a leopard gecko, a
goblin and a kobold (wandering).

Vanquished Creatures
  Robin (D:2)
  A gnoll (D:1)
  3 adders (D:2)
  An ooze (D:1)
  A worm (D:2)
  4 dart slugs (D:1)
  3 leopard geckos (D:1)
  A giant cockroach (D:1)
  17 goblins
  15 hobgoblins
  9 jackals
  2 quokkas (D:2)
  7 bats
  5 frilled lizards
  5 kobolds
  7 rats
82 creatures vanquished.

Vanquished Creatures (others)
  A goblin (D:2)
1 creature vanquished.

Grand Total: 83 creatures vanquished

Notes
Turn   | Place    | Note
-------+----------+-------------------------------------------
     0 | D:1      | Riddle the Gnoll Wizard began the quest for the Orb.
     0 | D:1      | Reached XP level 1. HP: 13/13 MP: 8/8
    89 | D:1      | Reached XP level 2. HP: 19/19 MP: 2/10
   339 | D:1      | Reached XP level 3. HP: 25/25 MP: 6/11
   343 | D:1      | Learned a level 2 spell: Blink
   346 | D:1      | Learned a level 2 spell: Call Imp
   349 | D:1      | Learned a level 2 spell: Slow
   642 | D:1      | Reached skill level 1 in Invocations
   867 | D:1      | Reached skill level 1 in Fighting
   867 | D:1      | Reached skill level 1 in Short Blades
   867 | D:1      | Reached skill level 1 in Long Blades
   867 | D:1      | Reached skill level 1 in Axes
   867 | D:1      | Reached skill level 1 in Maces & Flails
   867 | D:1      | Reached skill level 1 in Polearms
   867 | D:1      | Reached skill level 1 in Staves
   867 | D:1      | Reached skill level 1 in Slings
   867 | D:1      | Reached skill level 1 in Bows
   867 | D:1      | Reached skill level 1 in Crossbows
   867 | D:1      | Reached skill level 1 in Throwing
   867 | D:1      | Reached skill level 1 in Armour
   867 | D:1      | Reached skill level 1 in Shields
   867 | D:1      | Reached skill level 1 in Unarmed Combat
   867 | D:1      | Reached skill level 1 in Evocations
  1015 | D:1      | Reached XP level 4. HP: 32/32 MP: 8/13
  1451 | D:2      | Reached skill level 1 in Hexes
  1451 | D:2      | Reached skill level 1 in Charms
  1451 | D:2      | Reached skill level 1 in Necromancy
  1451 | D:2      | Reached skill level 1 in Transmutations
  1451 | D:2      | Reached skill level 1 in Fire Magic
  1451 | D:2      | Reached skill level 1 in Ice Magic
  1451 | D:2      | Reached skill level 1 in Air Magic
  1451 | D:2      | Reached skill level 1 in Earth Magic
  1451 | D:2      | Reached skill level 1 in Poison Magic
  1817 | D:2      | Noticed Robin
  1827 | D:2      | Killed Robin
  1827 | D:2      | Reached XP level 5. HP: 27/37 MP: 1/14
  2509 | D:3      | Noticed Ijyb
  2537 | D:3      | Killed from afar by an orc priest

Skill      XL: |  1  2  3  4 |
---------------+-------------+-----
Conjurations   | 2 |  2.3
Summonings     | 2 |  2.3
Translocations | 2 |  2.3
Invocations    | 1 |  1.6
Fighting       | 1 |  1.4
Short Blades   | 1 |  1.4
Long Blades    | 1 |  1.4
Axes           | 1 |  1.4
Maces & Flails | 1 |  1.4
Polearms       | 1 |  1.4
Staves         | 1 |  1.4
Slings         | 1 |  1.4
Bows           | 1 |  1.4
Crossbows      | 1 |  1.4
Throwing       | 1 |  1.4
Armour         | 1 |  1.4
Shields        | 1 |  1.4
Unarmed Combat | 1 |  1.4
Evocations     | 1 |  1.4
Hexes          | 1 |  1.1
Charms         | 1 |  1.1
Necromancy     | 1 |  1.1
Transmutations | 1 |  1.1
Fire Magic     | 1 |  1.1
Ice Magic      | 1 |  1.1
Air Magic      | 1 |  1.1
Earth Magic    | 1 |  1.1
Poison Magic   | 1 |  1.1
Dodging        | |  4.7
Stealth        | |  4.4
Spellcasting   | |  7.3

Action                   |  1- 3 |  4- 6 || total
-------------------------+-------+-------++-------
Melee: Dagger            |       |     3 ||     3
 Cast: Magic Dart        |    68 |   135 ||   203
       Blink             |       |     4 ||     4
  Eat: Chunk             |       |     5 ||     5
Armor: Robe              |     5 |    20 ||    25
Dodge: Dodged            |    14 |    76 ||    90
